Cogmind - Beta 11 @@@ ROGUE MODE // 2022.03.21 @ 16:51:27 Player: scoobysnack1 Result: Smashed by cave-in Performance ------------- Evolutions (0) 0 Regions Visited (2) 400 Robots Destroyed (19) 95 Value Destroyed (205) 205 Prototype IDs (2) 40 Alien Tech Used (0) 0 Bonus (0) 0 TOTAL SCORE: 740 Bonus ------- None Cogmind --------- Core Integrity 0/250 Matter 268/300 Energy 125/125 System Corruption 11% Temperature Cool (0) Movement Treading (160) Location -10/Mines Parts ------- > --- POWER (1) -------- Light Ion Engine > --- PROPULSION (2) --- Light Treads Light Treads > --- UTILITY (2) ------ Large Storage Unit Sensor Array > --- WEAPON (2) ------- (None) > --- INVENTORY (15) --- Light Treads Light Treads Aluminum Leg Visual Processing Unit Propulsion Shielding Shield Generator EM Pulse Gun EM Pulse Gun EM Pulse Gun Particle Gun Particle Gun Particle Gun Beam Cannon Peak State ------------ > --- POWER ------------ Light Ion Engine > --- PROPULSION ------- Light Treads Light Treads > --- UTILITY ---------- Large Storage Unit Sensor Array > --- WEAPON ----------- Beam Cannon Makeshift Shrapnel Gun > --- INVENTORY -------- Light Ion Engine Light Treads Light Treads Aluminum Leg Visual Processing Unit Propulsion Shielding Shield Generator EM Pulse Gun EM Pulse Gun EM Pulse Gun Particle Gun Particle Gun Particle Gun Mining Laser [Rating: 11] Favorites ----------- Power Light Ion Engine Engine Light Ion Engine Propulsion Light Treads Treads Light Treads Leg Aluminum Leg Wheel Compact Wheel Utility Large Storage Unit Device Sensor Array Storage Large Storage Unit Processor Signal Interpreter Weapon EM Pulse Gun Energy Gun EM Pulse Gun Energy Cannon Beam Cannon Ballistic Gun Assault Rifle Special Weapon Mining Laser Build | -11 -10 -10 ------- Run | Scr Mat Min Slots Evolved . | . . . Power . | . . . Propulsion . | . . . Utility . | . . . Weapon . | . . . Parts Attached 27 | 10 13 4 Power 4 | 1 2 1 Engine 4 | 1 2 1 Core . | . . . Reactor . | . . . Propulsion 5 | 4 1 . Treads 3 | 2 1 . Leg 1 | 1 . . Wheel 1 | 1 . . Hover . | . . . Flight . | . . . Utility 8 | 2 5 1 Device 3 | 1 1 1 Storage 4 | 1 3 . Processor 1 | . 1 . Hackware . | . . . Protection . | . . . Artifact . | . . . Weapon 10 | 3 5 2 Energy Gun 5 | 2 3 . Energy Cannon 1 | . 1 . Ballistic Gun 3 | 1 1 1 Ballistic Cannon . | . . . Launcher . | . . . Special Weapon 1 | . . 1 Impact Weapon . | . . . Slashing Weapon . | . . . Piercing Weapon . | . . . Special Melee Weapon . | . . . Unidentified Prototypes . | . . . Parts Lost 3 | . . 3 Power 1 | . . 1 Propulsion . | . . . Utility . | . . . Weapon 2 | . . 2 Highest Loss Streak 3 | . . 3 To Critical Strikes . | . . . Average Slot Usage (%) 99 | . 99 99 Engine 14 | . 14 14 Treads 28 | . 28 28 Device 8 | . 6 14 Storage 14 | . 14 14 Processor 5 | . 7 . Energy Gun 13 | . 15 6 Energy Cannon 6 | . 4 12 Ballistic Gun 7 | . 7 7 Naked Turns . | . . . Heaviest Build 88 | 12 88 29 Greatest Support 40 | 40 40 40 Greatest Overweight (x) 2 | 2 2 . Average Overweight (x) . | . . . Largest Inventory Capacity 25 | 8 25 15 Average Capacity 14 | 7 14 15 Most Carried 15 | 7 15 14 Average Carried 12 | 4 11 13 Final Capacity 15 | 8 15 15 Final Carried 14 | 7 14 13 Class Distribution -------------------- 100% | Mutant Dominant Class ---------------- Mutant | -10/Materials Mutant | -10/Mines Resources | -11 -10 -10 ----------- Run | Scr Mat Min Matter Collected 512 | 278 216 18 Remotely . | . . . Salvage Created 411 | 14 397 . Parts 45 | 3 42 . Haulers Intercepted 2 | . 2 . Recyclers Shooed . | . . . Parts Field Recycled . | . . . Retrieved Matter . | . . . Parts Self-Destructed . | . . . Prevented . | . . . Kills | -11 -10 -10 ------- Run | Scr Mat Min Combat Hostiles Destroyed 10 | . 10 . Guns 4 | . 4 . AOE 6 | . 6 . Classes Destroyed 8 | 1 7 . Worker 1 | . 1 . Builder 1 | . 1 . Tunneler 1 | 1 . . Hauler 2 | . 2 . Operator 1 | . 1 . Watcher 3 | . 3 . Swarmer 9 | . 9 . Grunt 1 | . 1 . Best Kill Streak 4 | 1 4 . Combat Bots Only 3 | . 3 . Max Kills in Single Turn 3 | 1 3 . Gunslinging . | . . . Exploded 3 | . 3 . Melee . | . . . Uniques/NPCs Destroyed . | . . . Combat | -11 -10 -10 -------- Run | Scr Mat Min Damage Taken 933 | . 303 630 Core 310 | . 34 276 Absorbed by Shields . | . . . Core Remaining (%) 100 | 100 . . Volleys Fired 44 | 2 31 11 Largest 2 | 2 2 2 Hottest 105 | 60 105 100 Shots Fired 78 | 4 62 12 Gun 67 | 4 61 2 Cannon 2 | . 1 1 Launcher . | . . . Special 9 | . . 9 Kinetic 29 | 2 26 1 Thermal 17 | 2 5 10 Explosive . | . . . Electromagnetic 32 | . 31 1 Robot Hit Streak 4 | 1 4 . Robot Miss Streak 4 | 2 4 . Penetration Max . | . . . Secondary Targets 1 | . 1 . Max Gunslinging Chain 1 | . 1 . Shots Hit Robots 34 | 2 32 . Core Hits 26 | 1 25 . Critical Kills . | . . . Critical Parts Destroyed . | . . . Critical Strikes . | . . . Melee Attacks . | . . . Impact . | . . . Slashing . | . . . Piercing . | . . . Sneak Attacks . | . . . Combat Hostiles . | . . . Follow-up Attacks . | . . . Damage Inflicted 711 | 22 689 . Guns 444 | 22 422 . Cannons 17 | . 17 . Explosions 242 | . 242 . Melee . | . . . Ramming 8 | . 8 . Kinetic 157 | 10 147 . Thermal 302 | 12 290 . Explosive . | . . . Electromagnetic 244 | . 244 . Impact . | . . . Slashing . | . . . Piercing . | . . . Highest Corruption 8 | . 1 8 Average Corruption 1 | . 1 1 Corruption Purged . | . . . Corruption Blocked . | . . . Effects 5 | . 4 1 Matter Fused 1 | . 1 . Heat Flow Errors 1 | . 1 . Data Loss (minor) 3 | . 2 1 Overload Shots . | . . . Overflow Damage . | . . . Projectiles . | . . . Explosions . | . . . Melee . | . . . Knockbacks . | . . . Impact . | . . . Kinetic . | . . . Secondary . | . . . Self-Inflicted Damage . | . . . Shots . | . . . Rammed 3 | . 3 . Targets Rammed 3 | . 3 . Kicked . | . . . Crushed . | . . . Highest Temperature 208 | . 208 39 Average Temperature 29 | . 50 11 Received Heat Transfer 12 | . 12 . Siege Activations . | . . . Robots Corrupted . | . . . Combat Hostiles . | . . . Parts Fried 1 | . 1 . Impact Corruptions . | . . . Robots Melted . | . . . Combat Hostiles . | . . . Parts Melted . | . . . Heat Transferred 536 | 25 511 . Parts Sabotaged . | . . . Parts Stolen . | . . . Parts Stripped . | . . . Power Chain Reactions 3 | . 3 . Missiles Intercepted . | . . . Alert | -11 -10 -10 ------- Run | Scr Mat Min Peak Influence 252 | 5 252 3 Initial 3 | . 3 . Average 56 | 1 85 . Maximum Alert Level 1 | . 1 . Low Security (%) 92 | 100 88 100 Level 1 7 | . 12 . Level 2 . | . . . Level 3 . | . . . Level 4 . | . . . Level 5 . | . . . High Security . | . . . Max Security . | . . . Squads Dispatched 2 | . 2 . Investigation 1 | . 1 . Extermination . | . . . Reinforcement 1 | . 1 . Assault . | . . . Garrison . | . . . Intercept . | . . . Searches Triggered . | . . . Construction Impeded . | . . . Haulers Reinforced . | . . . Active Scanning Responses . | . . . Cargo Convoy Interrupts . | . . . Stealth | -11 -10 -10 --------- Run | Scr Mat Min Distress Signals . | . . . Communications Jammed . | . . . Distress Signals . | . . . Times Spotted 16 | . 16 . Peak Tracking Total 5 | . 5 . Tactical Retreats . | . . . Traps | -11 -10 -10 ------- Run | Scr Mat Min Traps Triggered 2 | . 2 . Indirectly . | . . . Trap Hack Attempts . | . . . Triggered . | . . . Disarmed . | . . . Reprogrammed . | . . . Reused . | . . . Traps Extracted . | . . . Installed . | . . . Triggered . | . . . Machines | -11 -10 -10 ---------- Run | Scr Mat Min Machines Disabled . | . . . Max in Single Turn . | . . . Machines Sabotaged . | . . . Garrisons Compromised . | . . . Overloaded Fab Kills . | . . . Hacking | -11 -10 -10 --------- Run | Scr Mat Min Machines Accessed 8 | . 8 . Terminals 6 | . 6 . Fabricators . | . . . Repair Stations . | . . . Recycling Units 2 | . 2 . Scanalyzers . | . . . Garrison Access . | . . . Total Hacks 21 | . 21 . Successful 7 | . 7 . Failed 14 | . 14 . Catastrophic 2 | . 2 . Database Lockouts . | . . . Manual 9 | . 9 . Terminals 18 | . 18 . Fabricators . | . . . Repair Stations . | . . . Recycling Units 3 | . 3 . Scanalyzers . | . . . Garrison Access . | . . . Terminal Hacks 5 | . 5 . Prototype ID Bank 1 | . 1 . Alert Level 1 | . 1 . Locate Traps 1 | . 1 . Recall Investigation 1 | . 1 . Hauler Manifests 1 | . 1 . Fabricator Hacks . | . . . Repair Station Hacks . | . . . Recycling Unit Hacks 2 | . 2 . Report Inventory 2 | . 2 . Scanalyzer . | . . . Garrison Access Hacks . | . . . Unauthorized Hacks . | . . . Terminals . | . . . Fabricators . | . . . Repair Stations . | . . . Recycling Units . | . . . Scanalyzers . | . . . Garrison Access . | . . . Data Cores Recovered . | . . . Used . | . . . Hacking Detections 7 | . 7 . Full Trace Events . | . . . Feedback Events . | . . . Feedback Blocked . | . . . Robot Schematics Acquired . | . . . Robots Built . | . . . Authchips . | . . . Time . | . . . Total Robot Build Rating . | . . . Part Schematics Acquired . | . . . Parts Built . | . . . Authchips . | . . . Time . | . . . Total Part Build Rating . | . . . Parts Repaired . | . . . Time . | . . . Parts Recycled . | . . . Recycled Matter . | . . . Retrieved Matter . | . . . Retrieved Components . | . . . Parts Scanalyzed . | . . . Part Schematics Acquired . | . . . Parts Damaged . | . . . Bothacking | -11 -10 -10 ------------ Run | Scr Mat Min Used RIF Installer . | . . . Robots Hacked . | . . . Non-combat . | . . . Combat . | . . . Robot Hacks Applied . | . . . Relay Couplers Released . | . . . Fabnet Peak Effective % . | . . . Robots Rewired . | . . . Allies Hacked . | . . . Hacks Repelled . | . . . Allies | -11 -10 -10 -------- Run | Scr Mat Min Total Allies . | . . . Largest Group . | . . . Highest-Rated Group . | . . . Highest-Rated Ally . | . . . Total Orders . | . . . Ally Attacks . | . . . Total Damage . | . . . Kills . | . . . Allies Corrupted . | . . . Allies Melted . | . . . Intel | -11 -10 -10 ------- Run | Scr Mat Min Robot Analysis Total . | . . . Derelict Logs Recovered . | . . . Drone Launches . | . . . Drone Recoveries . | . . . Exploration | -11 -10 -10 ------------- Run | Scr Mat Min Turns Passed 1871 | 116 1225 530 Spaces Moved 1030 | 63 669 298 Core 7 | 7 . . Treads 1001 | 34 669 298 Legs 4 | 4 . . Wheels 18 | 18 . . Hover . | . . . Flight . | . . . Fastest Speed 50 | 50 160 160 Average Speed 158 | 137 160 160 Slowest Speed 320 | 190 320 160 Overloaded Moves . | . . . Propulsion Burnouts . | . . . Robots Hopped . | . . . Cave-ins Triggered 2 | . . 2 Exploration Rate (%) 51 | 5 90 58 Regions Visited 2 Branch Regions 1 Pre-discovered Areas . | . . . Known Exits Taken 1 | . 1 . Unknown Exits Taken 1 | 1 . . Scrap Searched 1 | . . 1 Spaces Dug 9 | . . 9 Terrain Destroyed 17 | . 8 9 Melee . | . . . Projectile 9 | . . 9 AOE 8 | . 8 . Terrain Rammed . | . . . Walls Destroyed . | . . . Machines Disabled . | . . . Actions | -11 -10 -10 --------- Run | Scr Mat Min Total 1172 | 86 764 322 Wait 14 | 1 10 3 Move 1028 | 62 668 298 Hop . | . . . Pick Up 29 | 10 17 2 Fast Attach 9 | 4 5 . Attach 7 | 4 1 2 Detach 3 | 1 2 . Swap 11 | 2 7 2 Drop 22 | . 20 2 Fire 44 | 2 31 11 Melee . | . . . Ram . | . . . Kick . | . . . Crush 3 | . 3 . Escape Stasis . | . . . Rewire 2 | . . 2 Trap . | . . . Miscellaneous . | . . . Route ------- -11/Scrapyard -10/Materials (discovered 4 exits: *Mat x2 / *Min x2) -10/Mines (discovered 1 exit: *Mat) History --------- Turn | Location | Event 21 | -11/Scrapyard | Discovered new exit (range 15) 117 | -11/Scrapyard | Entered Materials 257 | -10/Materials | Discovered new exit (range 16) 314 | -10/Materials | Build established: Mutant 434 | -10/Materials | Discovered new exit (range 15) 697 | -10/Materials | Discovered new exit (range 5) 709 | -10/Materials | Identified exit to Mines 1029 | -10/Materials | Identified exit to Materials 1138 | -10/Materials | Discovered exit to Materials (range 10) 1342 | -10/Materials | Entered Mines 1380 | -10/Mines | Discovered exit to Materials (range 4) 1600 | -10/Mines | A weapon hastily lodged in a ceiling crevice suddenly fell to the ground 1867 | -10/Mines | Crushed by falling debris 1873 | -10/Mines | Crushed by falling debris 1873 | -10/Mines | Smashed by cave-in Last Messages --------------- 01603_ Acquired Mak. Shrapnel Gun. 01609_ T-07 Excavator is excavating. 01710_ K-01 Serf collects debris. 01711_ Searching scrap... 01711_ Found Com. Wheel. 01711_ Found Mining Laser. 01711_ Found 18 Matter. 01712_ Acquired 18 matter. 01712_ K-01 Serf collects debris. 01855_ The unstable cave ceiling collapses. 01867_ Crushed by falling debris. 01867_ Lgt. Ion Engine destroyed. 01867_ System corrupted by crushing effect (+2). 01867_ Mining Laser destroyed. 01867_ System corrupted by crushing effect (+5). 01872_ System corrupted: Component data lost. 01873_ The unstable cave ceiling collapses. 01873_ Crushed by falling debris. 01873_ Mak. Shrapnel Gun destroyed. 01873_ System corrupted by crushing effect (+3). Map ----- +----------------------------------------------------+ | | | | | | | | | | | | | | | | | | | | | | | | | | | | | | | | | | | | | ?????????????????????????????????????????????????? | | ?????????????????????????????????????????????????? | | ?????????????###?????????????????????????????????? | | ????????????## ####?????????????????????????????? | | ????????????# ##????????????????????????????? | | ????????????# ##?????####??????????????????? | | ?????????????# #??#### ###?????????????????? | | ?????????????## #??#@# ## #?????????????????? | | ??????????????## ##??###### #?????????????????? | | ???????????????# #????????# #?????????????????? | | ???????????????# ##??????##"#?????????????????? | | ???????????????# ##?????# ##????????????????? | | ???????????????# #?????# #????????????????? | | ??????????????## ##????# ##########???????? | | ?????????????## ##???## ## ##??????? | | ????????????## ##???# #??????? | | ????????????# ? ###### ##?????? | | ????????????# ## ## ##????? | | ????????????# ##### #### ### #????? | | ???????????## ##???## #### ### #????? | | ??????????## #?????# # #????? | | ??????????# ##???# ## ### ###### | | ??????????# #???# ## ######?## # | | ??????????# ##??## ## #??????## < # | | ??????????## ##??#### ### #????### #### # | | ??????????## #?????####?# #???## ##??# # | | ?????????## #??????????# #?### ##??## | | ??# ###### #?????????## ### ###### ! | | ??# ##??????#### ## #### | | ### # #??????## ### | | ??????#?## ##?????## ### ## | | ?????????## ##?????## #?# #### | +----------------------------------------------------+ Best States ------------- Heat Dissipation 25 Energy Generation 10 Energy Capacity 125 Matter Stores 300 Matter Capacity 300 Sight Range 16 Robot Scan Range 14 Terrain Scan Density 10 Evasion (%) 40 Recoil Reduction 2 Item Schematics ----------------- None Robot Schematics ------------------ None Fabricated ------------ Nothing Alien Tech Used ----------------- None Achievements -------------- None Challenges ------------ None Game ------ Seed MolecularCoolantInitializer Manual? 0 Play Time 00:44:17 Cumulative 33.0 hours Start 2022.03.21 @ 15:55:03 End 2022.03.21 @ 16:51:27 Sessions 1 Manual Loads 0 Difficulty Rogue Special Mode None Game No. 25 Rogue 25 Adventurer 0 Explorer 0 Win Type - Total 0 Types 0/0/0/0/0/0/0/0/0 Lore% 16 Gallery% 25 Achievement% 20 Wizard Run 0 Options --------- ASCII 0 Keyboard 0 Movement Mouse Keybinds 0 Fullscreen 1 Font 18/SmallcapsGlow Map View 76x50 Tactical HUD 1 Map Filters NONE Filters NONE Steam 1 RUN: f48ffd7f-b39b-4cbb-b3c9-f4d568ac965e